 Dungeon Crawl Stone Soup version 0.32-a0-938-g40ac7a0f4d (webtiles) character file.

Game seed: 13903924618170170079

109 Ijustatesigmund the Conjurer (level 4, -10/32 HPs)
             Began as a Gnoll Conjurer on Apr 15, 2024.
             Mangled by an ogre
             ... wielding a +0 giant club
              (26 damage)
             ... on level 3 of the Dungeon.
             The game lasted 00:03:16 (3155 turns).

Ijustatesigmund the Conjurer (Gnoll Conjurer)       Turns: 3155, Time: 00:03:17

Health: -10/32     AC:  3    Str:  6    XL:     4   Next: 90%
Magic:  5/11       EV: 12    Int: 19    God:
Gold:   162        SH:  0    Dex: 11    Spells: 6/13 levels left

rFire   . . .        f - +3 hand axe (heavy)
rCold   . . .        (no shield)
rNeg    . . .        a - +0 robe
rPois   .            (no helmet)
rElec   .            (no cloak)
rCorr   .            l - +0 pair of gloves
SInv    .            (no boots)
Will    .....        (no amulet)
Stlth   ++           (no ring)
HPRegen 0.25/turn    (no ring)
MPRegen 0.12/turn

%: no passive effects
@: no status effects
A: fangs 1, strong nose, distributed training
a: no special abilities


You were on level 3 of the Dungeon.
You visited 1 branch of the dungeon, and saw 3 of its levels.

You collected 162 gold pieces.

Inventory:

Hand Weapons
 f - a +3 heavy hand axe (weapon)
 h - a +2 whip of holy wrath
Armour
 a - a +0 robe (worn)
 g - a +0 buckler
 l - a +0 pair of gloves (worn)
Jewellery
 m - a ring of flight
Wands
 j - a wand of charming (10)
Scrolls
 d - a scroll of immolation {unknown}
 e - 2 scrolls of blinking {unknown}
 k - 2 scrolls of revelation {unknown}
 o - a scroll of enchant armour {unknown}
 p - a scroll of teleportation {unknown}
 q - a scroll of silence {unknown}
 r - a scroll of summoning {unknown}
Potions
 b - a potion of magic
 c - 2 potions of curing {unknown}
 i - 2 potions of cancellation {unknown}
 n - a potion of brilliance {unknown}


   Skills:
 + Level 1.3 Fighting
 + Level 1.3 Short Blades
 + Level 1.3 Long Blades
 + Level 1.3 Axes
 + Level 1.3 Maces & Flails
 + Level 1.3 Polearms
 + Level 1.3 Staves
 + Level 1.3 Ranged Weapons
 + Level 1.3 Throwing
 + Level 1.3 Armour
 + Level 4.7 Dodging
 + Level 4.3 Stealth
 + Level 1.3 Shields
 + Level 1.3 Unarmed Combat
 + Level 5.1 Spellcasting
 + Level 7.1 Conjurations
 + Level 1.1 Hexes
 + Level 1.1 Summonings
 + Level 1.1 Necromancy
 + Level 1.1 Translocations
 + Level 1.1 Fire Magic
 + Level 1.1 Ice Magic
 + Level 1.1 Air Magic
 + Level 1.1 Earth Magic
 + Level 1.1 Alchemy
 + Level 1.5 Invocations
 + Level 1.3 Evocations
 + Level 1.2 Shapeshifting


You had 6 spell levels left.
You knew the following spells:

 Your Spells              Type           Power      Damage    Failure   Level
a - Magic Dart            Conj           100%       1d8       1%          1
b - Searing Ray           Conj           64%        2d6       1%          2
c - Iskenderun's Mystic Conj/Tloc 20%            2d6        (+2d3     22%         4

Your spell library contained the following spells:

 Spells                   Type           Power      Damage    Failure   Level
 Fulminant Prism          Conj/Alch      10%        3d8       22%         4
 Olgreb's Toxic Radiance  Alch           9%         N/A       61%         4
 Ozocubu's Refrigeration  Ice            4%         4d8       100%        7
 Discord                  Hex            4%         N/A       100%        8


Dungeon Overview and Level Annotations

Branches:
Dungeon (3/15)

Altars:
Kikubaaqudgha


Innate Abilities, Weirdness & Mutations

You have very sharp teeth.
Your uncanny sense of smell can sniff out nearby items.
Your experience applies equally to all skills.


Message History

Aim: a ball python (asleep, 100% to hit)
The magic dart hits the ball python.
You kill the ball python!
Casting: Magic Dart (safe; 1% risk of failure)
Confirm with . or Enter, or press ? or * to list all spells.
You can't see any susceptible monsters within range! (Use Z to cast anyway.)
Casting: Magic Dart (safe; 1% risk of failure)
Confirm with . or Enter, or press ? or * to list all spells.
You can't see any susceptible monsters within range! (Use Z to cast anyway.)
You see here a +0 flail.
Found an escape hatch in the floor.
r - a scroll labelled XUOMAULAUH
There is an escape hatch in the floor here.
An ogre comes into view. It is wielding a +0 giant club.
Found a leather armour.
Casting: Magic Dart (safe; 1% risk of failure)
Confirm with . or Enter, or press ? or * to list all spells.
Aiming: Magic Dart (safe; 1% risk of failure)
Press: ? - help, Shift-Dir - straight line, f - ogre
Aim: an ogre, wielding a +0 giant club (asleep, 100% to hit)
The magic dart hits the ogre.
The ogre is moderately wounded.
Casting: Magic Dart (safe; 1% risk of failure)
Confirm with . or Enter, or press ? or * to list all spells.
Aiming: Searing Ray (safe; 1% risk of failure)
Press: ? - help, Shift-Dir - straight line, f/p - ogre
Aim: an ogre, wielding a +0 giant club (moderately wounded, 91% to hit)
The searing ray misses the ogre. (Press . to maintain the ray.)
The searing ray hits the ogre.
The ogre is moderately wounded.
The ogre hits you with a +0 giant club!
Ouch! That really hurt!
The searing ray misses the ogre.
The searing ray hits the ogre.
The ogre is heavily wounded.
You finish channelling your searing ray.
The ogre hits you with a +0 giant club!!
Ouch! That really hurt!
You die...

........##.....
#..........##.....
#..........##.....
#..........##.....
#.####.....).##... #
#.# #..†....##...
#.##.####.......##...
#[.O....+.......##...
#@# #.......##### #.#
#.....### #.# #.....#
#.# #####.# #######.#
#.# #.......# #.#
##.#############.#
#.# #.........# #.#
#.#########


You could see an ogre.

Vanquished Creatures
  3 adders
  4 dart slugs
  A ribbon worm (D:2)
  2 orcs (D:3)
  4 endoplasms
  A giant cockroach (D:1)
  6 goblins
  8 hobgoblins
  4 jackals
  7 quokkas
  3 ball pythons
  8 bats
  3 frilled lizards (D:2)
  5 kobolds
  6 rats
65 creatures vanquished.

Notes
Turn   | Place    | Note
-------+----------+-------------------------------------------
     0 | D:1      | Ijustatesigmund the Gnoll Conjurer began the quest for the
                  | Orb.
     0 | D:1      | Reached XP level 1. HP: 13/13 MP: 6/6
   227 | D:1      | Reached XP level 2. HP: 19/19 MP: 4/7
   535 | D:1      | Learned a level 2 spell: Searing Ray
   809 | D:1      | Reached skill level 5 in Spellcasting
   809 | D:1      | Reached XP level 3. HP: 25/25 MP: 5/9
  1099 | D:1      | Reached skill level 1 in Invocations
  1234 | D:1      | Found a faded altar of an unknown god.
  1713 | D:2      | Reached skill level 1 in Fighting
  1713 | D:2      | Reached skill level 1 in Short Blades
  1713 | D:2      | Reached skill level 1 in Long Blades
  1713 | D:2      | Reached skill level 1 in Axes
  1713 | D:2      | Reached skill level 1 in Maces & Flails
  1713 | D:2      | Reached skill level 1 in Polearms
  1713 | D:2      | Reached skill level 1 in Staves
  1713 | D:2      | Reached skill level 1 in Ranged Weapons
  1713 | D:2      | Reached skill level 1 in Throwing
  1713 | D:2      | Reached skill level 1 in Armour
  1713 | D:2      | Reached skill level 1 in Shields
  1713 | D:2      | Reached skill level 1 in Unarmed Combat
  1713 | D:2      | Reached skill level 1 in Evocations
  1977 | D:2      | Reached skill level 1 in Shapeshifting
  1977 | D:2      | Reached XP level 4. HP: 32/32 MP: 11/11
  1982 | D:2      | Learned a level 4 spell: Iskenderun's Mystic Blast
  2273 | D:2      | Identified the +0 dagger of Mourning {flame, Will+ SInv
                  | Stlth+}
  2290 | D:2      | Reached skill level 1 in Hexes
  2290 | D:2      | Reached skill level 1 in Summonings
  2290 | D:2      | Reached skill level 1 in Necromancy
  2290 | D:2      | Reached skill level 1 in Translocations
  2290 | D:2      | Reached skill level 1 in Fire Magic
  2290 | D:2      | Reached skill level 1 in Ice Magic
  2290 | D:2      | Reached skill level 1 in Air Magic
  2290 | D:2      | Reached skill level 1 in Earth Magic
  2290 | D:2      | Reached skill level 1 in Alchemy
  2757 | D:3      | Found an ancient bone altar of Kikubaaqudgha.
  3150 | D:3      | Noticed an ogre
  3155 | D:3      | Mangled by an ogre

Illustrated notes

Levels and vault maps discovered:
D:1:      lightli_arrival_statue_moat, layout_basic,
          dreamdust_ecumenical_altar_hidden_monk_grotto, st_stairs_3,
          hangedman_abyss_or_decor_lesser_grid, minmay_split_cup_large
D:2:      layout_basic, grunt_ministairs_13
D:3:      layout_basic, general_overflow_altar

Skill      XL: |  1  2  3  4 |
---------------+-------------+-----
Spellcasting   | 5 |  5.1
Invocations    | 1 |  1.5
Fighting       | 1 |  1.3
Short Blades   | 1 |  1.3
Long Blades    | 1 |  1.3
Axes           | 1 |  1.3
Maces & Flails | 1 |  1.3
Polearms       | 1 |  1.3
Staves         | 1 |  1.3
Ranged Weapons | 1 |  1.3
Throwing       | 1 |  1.3
Armour         | 1 |  1.3
Shields        | 1 |  1.3
Unarmed Combat | 1 |  1.3
Evocations     | 1 |  1.3
Shapeshifting  | 1 |  1.2
Hexes          | 1 |  1.1
Summonings     | 1 |  1.1
Necromancy     | 1 |  1.1
Translocations | 1 |  1.1
Fire Magic     | 1 |  1.1
Ice Magic      | 1 |  1.1
Air Magic      | 1 |  1.1
Earth Magic    | 1 |  1.1
Alchemy        | 1 |  1.1
Dodging        | |  4.7
Stealth        | |  4.3
Conjurations   | |  7.1

Action                     |  1- 3 |  4- 6 || total
---------------------------+-------+-------++-------
  Melee: Unarmed           |     4 |       ||     4
         Hand axe          |     3 |       ||     3
   Cast: Magic Dart        |    76 |    41 ||   117
         Searing Ray       |     1 |     1 ||     2
   Stab: Sleeping          |     1 |       ||     1
 Armour: Robe              |     7 |     2 ||     9
  Dodge: Dodged            |    10 |       ||    10

Table legend: (Time is in decaauts)
 A = Elapsed time spent in this place.
 B = Non-inter-level travel time spent in this place.
 C = Inter-level travel time spent in this place.
 D = Time resting spent in this place.
 E = Time spent auto-exploring this place.
 F = Levels seen in this place.
 G = Mean time per level.
                   A        B        C        D        E       F      G
               +--------+--------+--------+--------+--------+-----+--------+
         Total |   3155 |   3082 |     73 |    268 |   2521 |   3 | 1051.7 |
       Dungeon |   3155 |   3082 |     73 |    268 |   2521 |   3 | 1051.7 |
               +--------+--------+--------+--------+--------+-----+--------+

Top non-repeatable levels by time:
     D:1: 1370 daAuts
     D:2: 1108 daAuts
     D:3: 675 daAuts
